 Dungeon Crawl Stone Soup version 0.30-a0-723-gc1506a1cf0 (webtiles) character file.

Game seed: 1131462166878427140

93 GiantSquids the Shooter (level 4, -1/35 HPs)
             Began as a Barachi Hunter on Jan 28, 2023.
             Was an Initiate of Okawaru.
             Slain by an ice beast (11 damage)
             ... on level 4 of the Dungeon.
             The game lasted 00:03:06 (1339 turns).

GiantSquids the Shooter (Barachi Hunter)            Turns: 1339, Time: 00:03:07

Health: -1/35      AC:  6    Str: 13    XL:     4   Next: 61%
Magic:  4/4        EV: 12    Int:  9    God:    Okawaru [......]
Gold:   132        SH:  0    Dex: 17    Spells: 3/3 levels left

rFire   . . .      SeeInvis .    a - +0 shortbow
rCold   . . .      Faith    .    (shield currently unavailable)
rNeg    . . .      Spirit   .    c - +0 leather armour
rPois   .          Reflect  .    (no helmet)
rElec   .          Harm     .    (no cloak)
rCorr   .          Rampage  .    (no gloves)
Will    .....                    o - +2 pair of boots
Stlth   ++                       (no amulet)
HPRegen 0.25/turn                (no ring)
MPRegen 0.09/turn                (no ring)

@: unable to hop, slow
A: amphibious, slowness 1, strong legs 1, +LOS
a: Hop, Renounce Religion


You were on level 4 of the Dungeon.
You worshipped Okawaru.
Okawaru was noncommittal.
You visited 2 branches of the dungeon, and saw 4 of its levels.

You collected 132 gold pieces.

Inventory:

Hand Weapons
 a - a +0 shortbow (weapon)
Armour
 c - a +0 leather armour (worn)
 o - a +2 pair of boots (worn)
Jewellery
 j - an amulet of guardian spirit
Wands
 n - a wand of polymorph (5)
 p - a wand of light (6)
Scrolls
 b - a scroll of immolation
 d - 2 scrolls of magic mapping {unknown}
 e - 2 scrolls of fear {unknown}
 f - 2 scrolls of poison {unknown}
 k - a scroll of enchant armour {unknown}
 m - 2 scrolls of identify {unknown}
Potions
 g - 2 potions of curing {unknown}
 h - a potion of lignification {unknown}
 i - a potion of cancellation {unknown}
 l - a potion of ambrosia {unknown}


   Skills:
 + Level 3.3 Fighting
 * Level 4.8 Ranged Weapons
 + Level 1.9 Armour
 + Level 3.0 Dodging
 - Level 0.8 Stealth


You had 3 spell levels left.
You didn't know any spells.
Your spell library contained the following spells:

 Spells                   Type           Power      Damage    Failure   Level
 Cigotuvi's Dreadful Rot  Necr/Pois/Air  0%         N/A       61%         2
 Poisonous Vapours        Pois/Air       0%         N/A       61%         2
 Mephitic Cloud           Conj/Pois/Air  0%         N/A       83%         3


Dungeon Overview and Level Annotations

Branches:
Dungeon (4/15)             Temple (1/1) D:4

Altars:
Cheibriados
Elyvilon
Hepliaklqana
Okawaru
Qazlal
Ru
Sif Muna
Trog
Vehumet
Xom
The Shining One


Innate Abilities, Weirdness & Mutations

You are amphibious.
You cover ground slowly.
You can hop short distances.
You have an extended range of vision and can be seen from far away.


Message History

Fire: a) +0 shortbow
Press: ? - help, Shift-Dir - straight line, f/p - ice beast
Aim: an ice beast (lightly wounded, 63% to hit)
You shoot an arrow. The arrow hits the ice beast.
The ice beast is lightly wounded.
The ice beast hits you. The ice beast freezes you! The ice beast misses you.
Fire: a) +0 shortbow
Press: ? - help, Shift-Dir - straight line, f/p - ice beast
Aim: an ice beast (lightly wounded, 63% to hit)
You shoot an arrow.
The arrow hits the ice beast but does no damage.
The ice beast is lightly wounded.
The ice beast hits you but does no damage.
Fire: a) +0 shortbow
Press: ? - help, Shift-Dir - straight line, f/p - ice beast
Aim: an ice beast (lightly wounded, 63% to hit)
You shoot an arrow. The arrow closely misses the ice beast.
The ice beast hits you but does no damage.
Fire: a) +0 shortbow
Press: ? - help, Shift-Dir - straight line, f/p - ice beast
Aim: an ice beast (lightly wounded, 63% to hit)
You shoot an arrow. The arrow hits the ice beast.
The ice beast is moderately wounded.
The ice beast completely misses you.
Fire: a) +0 shortbow
Press: ? - help, Shift-Dir - straight line, f/p - ice beast
Aim: an ice beast (moderately wounded, 63% to hit)
You shoot an arrow. The arrow hits the ice beast.
The ice beast is moderately wounded.
The ice beast closely misses you. The ice beast hits you.
The ice beast freezes you!
Fire: a) +0 shortbow
Press: ? - help, Shift-Dir - straight line, f/p - ice beast
Aim: an ice beast (moderately wounded, 63% to hit)
You shoot an arrow. The arrow hits the ice beast.
The ice beast is heavily wounded.
The ice beast hits you.
* * * LOW HITPOINT WARNING * * *
The ice beast freezes you!
You die...

...)†....####...#
...........####.#
..........##.#
#........#.#
#......†.#
#........#
#.......##
##..Y..## #...@##
#..### ####


You could see an ice beast.

Vanquished Creatures
  Terence (D:2)
  2 adders (D:2)
  An orc (D:4)
  12 ball pythons
  4 endoplasms
  2 giant cockroaches
  4 goblins
  4 hobgoblins
  3 jackals (D:2)
  A quokka (D:2)
  8 bats
  A frilled lizard (D:2)
  2 kobolds
  2 rats
47 creatures vanquished.

Notes
Turn   | Place    | Note
-------+----------+-------------------------------------------
     0 | D:1      | GiantSquids the Barachi Hunter began the quest for the Orb.
     0 | D:1      | Reached XP level 1. HP: 17/17 MP: 1/1
    73 | D:1      | Reached XP level 2. HP: 23/23 MP: 2/2
   276 | D:1      | Found a faded altar of an unknown god.
   312 | D:1      | Reached skill level 1 in Armour
   500 | D:1      | Reached XP level 3. HP: 28/28 MP: 3/3
   761 | D:2      | Noticed Terence
   769 | D:2      | Killed Terence
   770 | D:2      | Reached XP level 4. HP: 35/35 MP: 4/4
  1011 | D:2      | You fall into a shaft and drop 2 floors!
  1024 | D:4      | Found a staircase to the Ecumenical Temple.
  1041 | Temple   | Entered the Ecumenical Temple
  1250 | Temple   | Became a worshipper of Warmaster Okawaru
  1325 | D:4      | Noticed an ice beast
  1339 | D:4      | Slain by an ice beast

Illustrated notes

Levels and vault maps discovered:
D:1:      mrwooster_arrival_arrow, layout_basic,
          chequers_ecumenical_altar_grove, chequers_garden, minmay_pentomino_q4
D:2:      layout_basic, basic_altar, moated_statue, uniq_terence
D:4:      kennysheep_spiral_hall, layout_basic,
          mainiacjoe_overflow_surrounded_room, minmay_temple_entry_large_hall,
          ebering_ghost_disaster_area, kennysheep_diamond
Temple:   minmay_temple_curvy_branch

Skill      XL: |  1  2  3  4 |
---------------+-------------+-----
Armour         | 1 |  1.9
Fighting       | 3 |  3.3
Dodging        | 3 |  3.0
Ranged Weapons | |  4.8
Stealth        | |  0.8

Action                     |  1- 3 |  4- 6 || total
---------------------------+-------+-------++-------
   Fire: Shortbow          |    71 |    53 ||   124
Ability: Hop               |     1 |     1 ||     2
 Armour: Leather armour    |     7 |     5 ||    12
  Dodge: Dodged            |    13 |     8 ||    21

Table legend: (Time is in decaauts)
 A = Elapsed time spent in this place.
 B = Non-inter-level travel time spent in this place.
 C = Inter-level travel time spent in this place.
 D = Time resting spent in this place.
 E = Time spent auto-exploring this place.
 F = Levels seen in this place.
 G = Mean time per level.
                   A        B        C        D        E       F      G
               +--------+--------+--------+--------+--------+-----+--------+
         Total |   1593 |   1503 |     90 |      0 |   1218 |   4 |  398.2 |
       Dungeon |   1318 |   1254 |     64 |      0 |    978 |   3 |  439.3 |
        Temple |    274 |    249 |     25 |      0 |    240 |   1 |  274.0 |
               +--------+--------+--------+--------+--------+-----+--------+

Top non-repeatable levels by time:
     D:1: 845 daAuts
     D:2: 357 daAuts
  Temple: 274 daAuts
     D:4: 115 daAuts
